cohdb
Replays
Latest Replays
All Replays
Popular Replays
Top Player Replays
Match Explorer
How It Works
Community
CoH3 Stats
Reddit
Sign in to upload your games and track your stats! →
Sign in with Steam
Match 25396915
Unlisted
Match 25396915
Overview
Messages
Build Orders
End
Selects Special Operations Battlegroup
Construct Barracks
Riflemen Squad
Riflemen Squad
Riflemen Squad
Infantry Support Center
Riflemen Squad
M1918 Browning Automatic Rifles
Munitions Surplus
Grenade Package
Construct Medical Station
Selects M29 Weasel with M1 Pack Howitzer
Selects Raiding Flares
M29 Weasel with M1 Pack Howitzer
Construct Motor Pool
M1 Anti-tank Gun Team
M1 Anti-tank Gun Team
Selects SSF Commando Squad
SSF Commando Squad
Raiding Flares
ConcernedApe
HZ
King of Kings
23
0
0
Comments
sign in to comment!
No comments posted yet!